 Dungeon Sprint DCSS version 0.23.0-38-g208d714 (webtiles) character file.

Game seed: 2768028583161796445

211 Fang the Skirmisher (level 5, 0/38 HPs)
             Began as a Gargoyle Berserker on Feb 27, 2019.
             Was a Believer of Trog.
             Slain by a slime creature (5 damage)
             ... in the Dungeon (Sprint V: "Ziggurat Sprint").
             The game lasted 00:00:49 (159 turns).

Fang the Skirmisher (Gargoyle Berserker)             Turns: 159, Time: 00:00:49

Health: 0/38       AC: 32    Str: 33    XL:     5   Next: 88%
Magic:  5/5        EV: 10    Int:  8    God:    Trog [**....]
Gold:   0          SH:  0    Dex:  9    Spells: 4/4 levels left

rFire    . . .     SeeInvis .   k - +5 executioner's axe
rCold    . . .     Gourm    .   (shield currently unavailable)
rNeg     + . .     Faith    .   j - +15 Maxwell's patent armour {-Cast -Tele rElec MR+ rCorr}
rPois    ∞         Spirit   .   (no helmet)
rElec    +         Reflect  .   (no cloak)
rCorr    +         Harm     .   (no gloves)
MR       +....     NoTele   +   (no boots) Stlth ..........NoCast +
                                (no amulet)
HPRegen  0.12/turn              D - +6 ring of strength
MPRegen  0.09/turn              E - +6 ring of strength

@: no status effects
A: negative energy resistance 1, electricity resistance, unbreathing,
petrification resistance, rot immunity, AC +4
a: Berserk, Trog's Hand, Renounce Religion


You were in the Dungeon.
You worshipped Trog.
Trog was pleased with you.
You were not hungry.

You visited 1 branch

Inventory:

Hand Weapons
 k - a +5 executioner's axe (weapon)
Armour
 j - the +15 Maxwell's patent armour (worn) {-Cast -Tele rElec MR+ rCorr}
   (You found it in the Dungeon)

   It insulates you from electricity.
   It affects your resistance to hostile enchantments.
   It prevents spellcasting.
   It prevents most forms of teleportation.
   It provides partial protection from all sources of acid and corrosion.
Jewellery
 D - a +6 ring of strength (left hand)
 E - a +6 ring of strength (right hand)
Wands
 w - a wand of disintegration (7)
 x - a wand of iceblast (7)
 y - a wand of acid (7)
Scrolls
 i - 4 scrolls of blinking
 l - 7 scrolls of fog
 m - a scroll of holy word
 n - 5 scrolls of identify
 o - 5 scrolls of remove curse
 p - 2 scrolls of fear
Potions
 d - 10 potions of curing
 e - 10 potions of heal wounds
 f - 6 potions of haste
 g - 7 potions of magic
 h - 3 potions of berserk rage
 q - 2 potions of brilliance
 r - 2 potions of invisibility
 s - 4 potions of resistance
 t - a potion of experience
 u - 5 potions of agility
 v - 5 potions of might
Miscellaneous
 b - a phial of floods
Comestibles
 a - 2 chunks of flesh
 c - 7 rations


   Skills:
 + Level 7.1 Fighting
 + Level 5.9 Axes
 + Level 6.7 Armour
 + Level 5.0 Dodging


You had 4 spell levels left.
You didn't know any spells.
Your spell library was empty.

Dungeon Overview and Level Annotations

Branches:
Dungeon (1/1)

Altars:
Ashenzari
Cheibriados
Dithmenos
Elyvilon
Fedhas
Gozag
Hepliaklqana
Kikubaaqudgha
Makhleb
Nemelex Xobeh
Okawaru
Qazlal
Ru
Sif Muna
Trog
Uskayaw
Vehumet
Wu Jian
Xom
Yredelemnul
Zin
The Shining One
Beogh
Jiyva
Lugonu

Annotations:
D 1 transporter


Innate Abilities, Weirdness & Mutations

You are resistant to torment.
Your stone body is resilient. (AC +4)
You are immune to poison.
You resist negative energy. (rN+)
You are resistant to electric shocks. (rElec)
You can survive without breathing.
You are immune to petrification.
You are immune to rotting.


Message History

You're too confused to move!
The golden eye blinks at you. You resist with some effort.
The slime creature hits you but does no damage.
You slice the slime creature!!
The slime creature is heavily wounded.
You miss the golden eye. The golden eye blinks at you.
You resist with almost no effort. The slime creature hits you.
Unknown command.
The golden eye turns its gaze towards you.
The golden eye blinks!
The slime creature hits you!
* * * LOW HITPOINT WARNING * * *
The golden eye blinks!
Unknown command.
You closely miss the golden eye. You slash the slime creature!
You feel less confused.
The slime creature hits you but does no damage.
The golden eye blinks!
The slime creature hits you.
You die...

▓▓▓▓▓▓▓▓▓▓▓▓▓
▓.8©8.▓.8©8.▓
▓.)==.▓.....▓
▓G.§..▓.....▓
▓.....▓..)..▓
▓...J@▓..÷..▓
▓....§▓..©..▓
▓..©..▓▓▓▓▓▓▓
▓▓▓▓▓▓▓


You could see a slime creature and a golden eye.

Vanquished Creatures
  A naga (D)
  A floating eye (D)
  A ball python (D)
3 creatures vanquished.

Notes
Turn   | Place    | Note
-------+----------+-------------------------------------------
     0 | D        | Found the +6 Majin-Bo {vamp, Archmagi MP+6 Int+6}
     0 | D        | Found the +7 great mace "Firestarter" {inner flame, rF++}
     0 | D        | Fang the Gargoyle Berserker began the quest for the Orb.
     0 | D        | Reached XP level 1. HP: 14/14 MP: 1/1
     2 | D        | Found a blossoming altar of Fedhas.
     3 | D        | Found a viscous altar of Jiyva.
     3 | D        | Found a hazy altar of Hepliaklqana.
     3 | D        | Found a transporter.
     3 | D        | Found an opulent altar of Gozag.
     3 | D        | Found an ancient bone altar of Kikubaaqudgha.
     3 | D        | Found a corrupted altar of Lugonu.
    10 | D        | Found a burning altar of Makhleb.
    11 | D        | Found an iron altar of Okawaru.
    11 | D        | Found a sparkling altar of Nemelex Xobeh.
    11 | D        | Found a stormy altar of Qazlal.
    11 | D        | Found a sacrificial altar of Ru.
    11 | D        | Found a deep blue altar of Sif Muna.
    15 | D        | Found the +9 heavy crossbow "Sniper" {velocity, Acc+∞ SInv}
    15 | D        | Found the +10 dark maul {crush}
    15 | D        | Found the +15 Maxwell's patent armour {-Cast -Tele rElec
                  | MR+ rCorr}
    15 | D        | Found the +18 shield of the Gong {rElec rN+ MR+ EV-5}
    15 | D        | Found the cursed +14 obsidian axe {chop, +Fly SInv *Curse}
    29 | D        | Found a bloodstained altar of Trog.
    70 | D        | Entered arena 2.
    70 | D        | Noticed a naga
    70 | D        | Found a transporter.
    74 | D        | Killed a naga
    74 | D        | Reached skill level 6 in Fighting
    74 | D        | Reached skill level 5 in Axes
    74 | D        | Reached skill level 5 in Armour
    74 | D        | Reached XP level 2. HP: 22/22 MP: 2/2
    74 | D        | Reached XP level 3. HP: 27/27 MP: 3/3
    74 | D        | Reached XP level 4. HP: 32/32 MP: 4/4
   130 | D        | Entered arena 3.
   130 | D        | Noticed a floating eye
   130 | D        | Noticed a golden eye
   130 | D        | Noticed a slime creature
   130 | D        | Found a transporter.
   134 | D        | Paralysed by a floating eye for 4 turns
   140 | D        | Paralysed by a floating eye for 4 turns
   149 | D        | Paralysed by a floating eye for 4 turns
   153 | D        | Killed a floating eye
   153 | D        | Reached ** piety under Trog
   153 | D        | Reached skill level 7 in Fighting
   153 | D        | Reached skill level 5 in Dodging
   153 | D        | Reached XP level 5. HP: 18/38 MP: 5/5
   159 | D        | Slain by a slime creature

Skill      XL: |  1  2  3  4 |
---------------+-------------+-----
Fighting       | 6 7 |  7.1
Axes           | 5 |  5.9
Armour         | 5 6 |  6.7
Dodging        | 4 5 |  5.0

Action                   |  1- 3 |  4- 6 || total
-------------------------+-------+-------++-------
Melee: Executioner's axe |     2 |     6 ||     8
Invok: Berserk           |     1 |       ||     1
Armor: Plate armour      |     1 |    14 ||    15
Dodge: Dodged            |     2 |     8 ||    10
